Match 24460911
Unlisted

Match 24460911
End
Construct Section Command Post
Infantry Section
Infantry Section
Vickers Machine Gun Team
Dingo Light Scout Car
Construct Platoon Command Post
Unlock M3 Stuart Light Tanks
Selects Indian Artillery Battlegroup
Selects Towed ML 4.2-inch Heavy Mortar
Towed ML 4.2-inch Heavy Mortar
M3 Stuart Light Tank
Selects War Cry
Selects Gurkha Rifles Section
M3 Stuart Light Tank
Royal Engineer Section
Construct Company Command Post
Foot Guards Section
Selects Volunteer Infantry
Selects Off-map Airburst Barrage
Matilda II Heavy Tank
Off-map Airburst Barrage
Royal Engineer Section
Matilda II Heavy Tank
Off-map Airburst Barrage
Matilda II Heavy Tank
Grenade Package
Off-map Airburst Barrage
Foot Guards Section
Unlock M3 Grant Medium Tanks
M3 Grant Medium Tank
Off-map Airburst Barrage
M3 Grant Medium Tank
SneaKerz
gb_gbg
Rikkart
Mr Christopher
0
0

Comments sign in to comment!

No comments posted yet!